 Dungeon Crawl Stone Soup version 0.29.1-15-g9cfb28693d (webtiles) character file.

Game seed: 3327446469271898764

30 sampeng1 the Cutter (level 3, 0/29 HPs)
             Began as a Human Chaos Knight on Apr 20, 2023.
             Was a Plaything of Xom.
             Succumbed to an adder's poison
             ... on level 3 of the Dungeon.
             The game lasted 00:08:27 (578 turns).

sampeng1 the Cutter (Human Chaos Knight)             Turns: 578, Time: 00:08:28

Health: 0/29       AC:  5    Str: 14    XL:     3   Next: 37%
Magic:  3/3        EV: 11    Int: 12    God:    Xom [..*...]
Gold:   34         SH:  0    Dex: 12    Spells: 2/2 levels left

rFire   + . .      SeeInvis .   a - +0 short sword (chaos)
rCold   + . .      Faith    .   (no shield)
rNeg    . . .      Spirit   .   b - +2 leather armour
rPois   +          Reflect  .   (no helmet)
rElec   +          Harm     .   (no cloak)
rCorr   +          Rampage  .   (no gloves)
Will    .....                   (no boots)
Stlth   +.........              (no amulet)
HPRegen 0.09/turn               (no ring)
MPRegen 0.08/turn               (no ring)

@: lethally poisoned (0 -> -5), about to teleport, resistant
A: no striking features
a: Renounce Religion


You were on level 3 of the Dungeon.
You worshipped Xom.
You were a toy of Xom.
You visited 1 branch of the dungeon, and saw 3 of its levels.

You collected 34 gold pieces.

Inventory:

Hand Weapons
 a - a +0 short sword of chaos (weapon)
 e - a +0 whip
 k - a +0 short sword
 n - a +0 club
Missiles
 j - 3 poisoned darts
Armour
 b - a +2 leather armour (worn)
 g - a +0 ring mail
 m - a +0 robe
Scrolls
 h - 2 scrolls of identify
 i - 2 scrolls of teleportation
 l - a scroll of magic mapping {unknown}
Potions
 d - a potion of attraction (quivered)
Miscellaneous
 c - a piece from Xom's chessboard (15/15)


   Skills:
 + Level 3.5 Fighting
 + Level 3.6 Short Blades
 + Level 2.1 Armour
 + Level 1.1 Dodging


You had 2 spell levels left.
You didn't know any spells.
Your spell library contained the following spells:

 Spells                   Type           Power      Damage    Failure   Level
 Dazzling Flash           Conj/Hex       0%         N/A       77%         3
 Agony                    Necr           0%         N/A       100%        5
 Silence                  Hex/Air        0%         N/A       100%        5


Dungeon Overview and Level Annotations

Branches:
Dungeon (3/15)

Altars:


Message History

The adder is severely wounded.
The bat barely misses you. The adder barely misses you. x2
The worm bites you!
You hit the adder.
The adder seems to slow down.
You freeze the adder.
You kill the adder!
The bat hits you but does no damage. The adder closely misses you.
The bat hits you but does no damage. The river rat closely misses you.
You barely miss the bat. The bat misses you. The adder barely misses you.
The worm splashes around in the water.
The adder bites you.
You are poisoned.
The adder poisons you! The river rat closely misses you.
You hit the bat.
You kill the bat!
You feel sick. The adder bites you.
You are lethally poisoned!
The adder poisons you!
You closely miss the river rat.
You feel sick. The river rat bites you. The adder bites you but does no damage.
The worm barely misses you.
You barely miss the river rat.
* * * LOW HITPOINT WARNING * * *
You feel very sick. The river rat bites you.
* * * LOW HITPOINT WARNING * * *
The adder barely misses you.
The worm splashes around in the water.
It was a potion of resistance.
You feel protected.
Xom thinks this is hilarious!
* * * LOW HITPOINT WARNING * * *
You feel sick. The adder closely misses you.
The river rat bites you but does no damage.
The adder bites you but does no damage.
As you read the scroll labelled NEOZAEDOAF, it crumbles to dust.
You feel strangely unstable.
It was a scroll of teleportation.
* * * LOW HITPOINT WARNING * * *
You feel sick. The river rat barely misses you. The adder misses you.
The worm barely misses you.
Unknown command.
You barely miss the adder.
You die...
Xom bursts into laughter!

......#.. # ~....#.
#~~~.... #~#....#
#~~~... #~#~..#
#~~w†r# #S@.# #~..#
#### #...## ...##
#######....#
....#####.......##.#
....##..........# .#
..####.............#
#...##.........###.#
#...##.........# ..


You could see a worm, an adder and a river rat.

Vanquished Creatures
  2 adders
  2 dart slugs (D:1)
  2 bats
  A giant cockroach (D:2)
  3 kobolds
  A frilled lizard (D:2)
11 creatures vanquished.

Notes
Turn   | Place    | Note
-------+----------+-------------------------------------------
     0 | D:1      | sampeng1 the Human Chaos Knight began the quest for the
                  | Orb.
     0 | D:1      | Reached XP level 1. HP: 18/18 MP: 1/1
    59 | D:1      | Reached XP level 2. HP: 21/24 MP: 2/2
   428 | D:2      | XOM: cloud trail
   511 | D:3      | Reached XP level 3. HP: 29/29 MP: 3/3
   577 | D:3      | HP: 1/29 [poisoned by an adder]
   578 | D:3      | Succumbed to an adder's poison

Illustrated notes

Levels and vault maps discovered:
D:1:      amcnicky_arrival_wind_blow, layout_basic, serial_shops,
          nicolae_shop_trees
D:2:      layout_basic, nicolae_ecumenical_lake_church
D:3:      layout_basic, kennysheep_slug_shrine, lightli_sewer_entry_pipes

Action                   || total
-------------------------++-------
Melee: Short sword       ||    45
  Use: Potion            ||     3
       Scroll            ||     2
Armor: Leather armour    ||    19
Dodge: Dodged            ||    38
